 Dungeon Crawl Stone Soup version 0.21.1-1-g345015fe64 (webtiles) character file.

120572 Delanovic the Warrior (level 16, -22/153 HPs)
             Began as a Minotaur Abyssal Knight on June 12, 2018.
             Was the Champion of Lugonu.
             Annihilated by an alligator (24 damage)
             ... called by a spriggan druid
             ... on level 3 of the Swamp on June 13, 2018.
             The game lasted 01:53:06 (32266 turns).

Delanovic the Warrior (Minotaur Abyssal Knight)    Turns: 32266, Time: 01:53:06

Health: -22/153    AC:  7    Str: 21      XL:     16   Next: 30%
Magic:  0/23       EV: 21    Int:  8 (9)  God:    Lugonu [******]
Gold:   1652       SH:  9    Dex: 13      Spells: 15/15 levels left

rFire    . . .     SeeInvis .   a - +9 hand axe (distort)
rCold    + + +     Gourm    .   b - +2 buckler
rNeg     . . .     Faith    .   y - +0 robe of the Dwarven Hall {rElec rC+}
rPois    +         Spirit   +   (helmet restricted)
rElec    +         Reflect  .   V - scarf {Spirit}
rCorr    .         Harm     +   q - +0 pair of gloves
MR       +....                  (no boots)
Stlth    +.........             f - amulet of harm
HPRegen  0.35/turn              X - +4 ring of slaying
MPRegen  0.18/turn              P - ring of poison resistance

@: about to teleport, studying Crossbows, very slow
A: retaliatory headbutt, horns 2, molten scales 1, rugged brown scales 1, cold
resistance 2, deterioration 1, electricity resistance
a: Depart the Abyss, Bend Space, Banish, Corrupt, Enter the Abyss, Renounce
Religion


You were on level 3 of the Swamp.
You worshipped Lugonu.
Lugonu was exalted by your worship.
You were near starving.

You visited 3 branches of the dungeon, and saw 25 of its levels.
You visited the Abyss 1 time.

You collected 1790 gold pieces.
You spent 138 gold pieces at shops.

Inventory:

Hand Weapons
 a - a +9 hand axe of distortion (weapon)
 R - a +4 hand axe
Missiles
 w - 3 throwing nets (quivered)
 T - 13 bolts
Armour
 b - a +2 buckler (worn)
 n - a +3 leather armour of poison resistance
 q - a +0 pair of gloves (worn)
 y - the +0 robe of the Dwarven Hall (worn) {rElec rC+}
   (You found it on level 5 of the Dungeon)

   It protects you from cold.
   It insulates you from electricity.
 F - a +3 ring mail
 V - a scarf of spirit shield (worn)
Jewellery
 f - an amulet of harm (around neck)
 l - a +3 ring of dexterity
 t - a +3 ring of evasion
 u - the ring "Trusted Companion" {Str+3 Dex+3}
   (You found it on level 4 of the Lair of Beasts)

   [ring of strength]

   It affects your strength (+3).
   It affects your dexterity (+3).
 G - a +4 ring of strength
 P - a ring of poison resistance (right hand)
 Q - a +3 ring of protection
 U - the ring "Heim" {Wiz rC- rN+ Str+9}
   (You found it on level 6 of the Lair of Beasts)

   [ring of wizardry]

   It improves your spell success rate.
   It affects your strength (+9).
   It makes you vulnerable to cold.
   It protects you from negative energy.
 X - a +4 ring of slaying (left hand)
Wands
 L - a wand of digging (10)
Scrolls
 d - 6 scrolls of teleportation
 e - 14 scrolls of remove curse
 g - 3 scrolls of enchant armour
 h - 6 scrolls of magic mapping
 i - 4 scrolls of amnesia
 p - a scroll of summoning
 r - 5 scrolls of fog
 A - a scroll of vulnerability
 C - a scroll of brand weapon
 K - 2 scrolls of blinking
 M - a scroll of holy word
 N - 7 scrolls of identify
 O - 2 scrolls of fear
 S - a scroll of enchant weapon
 W - a scroll of silence
Potions
 j - 5 potions of brilliance
 k - a potion of magic
 m - a potion of resistance
 o - 4 potions of haste
 s - 7 potions of lignification
 v - 3 potions of heal wounds
 x - a potion of agility
 z - 2 potions of might
 B - 2 potions of invisibility
 D - 2 potions of berserk rage
 E - 14 potions of curing
 H - a potion of ambrosia
 J - a potion of flight
 Z - 2 potions of cancellation
Books
 I - a manual of Crossbows
Comestibles
 c - 42 rations


   Skills:
 + Level 15.4 Fighting
 + Level 15.1 Axes
 - Level 7.6 Crossbows
 + Level 14.6 Armour
 + Level 14.1 Dodging
 - Level 10.9 Shields
 + Level 11.3 Invocations


You had 15 spell levels left.
You didn't know any spells.

Dungeon Overview and Level Annotations

Branches:
Dungeon (15/15)            Temple (0/1) D:6            Lair (6/6) D:11
  Swamp (4/4) Lair:3       Spider (0/4) Lair:4        Slime (0/5) Lair:5
    Orc (0/2) D:9          Vaults (0/5) D:14         Depths (0/5) D:15

Altars:
Elyvilon
Kikubaaqudgha
Makhleb
Qazlal
Ru
Sif Muna
Uskayaw
Vehumet
Wu Jian
Zin

Shops:
D:5 ?

Annotations:
Abyss:1 Nessos, Urug


Innate Abilities, Weirdness & Mutations

You reflexively headbutt those who attack you in melee.
You have a pair of horns on your head.
You are partially covered in molten scales. (AC +2)
You are partially covered in rugged brown scales. (AC +1, +3% HP)
Your flesh is very cold resistant. (rC++)
Your body sometimes deteriorates upon taking damage.
You are resistant to electric shocks. (rElec)


Message History

Splash!
You fall into the shallow water.
Moving in this stuff is going to be slow.
The seven-headed hydra bites you but does no damage.
The seven-headed hydra barely misses you.
The seven-headed hydra misses you.
You block the seven-headed hydra's attack.
The seven-headed hydra misses you.
You block the seven-headed hydra's attack.
The seven-headed hydra completely misses you.
The alligator bites you!
* * * LOW HITPOINT WARNING * * *
The alligator barely misses you. Space bends sharply around you!
The seven-headed hydra blinks!
You blink.
Splash!
As you read the scroll of teleportation, it crumbles to dust.
You feel strangely unstable. The alligator bites you!!
* * * LOW HITPOINT WARNING * * *
You block the alligator's attack. The alligator bites you!!
You die...

.♣♣♣♣♣♣≈..≈≈≈.♣§≈♣♣♣♣.#........♣♣
≈≈≈≈...≈.≈≈§.♣...≈≈≈♣.#......#.♣♣
.♣♣......≈≈.♣≈≈≈≈≈.....#....##.♣♣
.♣♣♣♣....§≈.♣?≈≈≈≈≈≈...##..##....
♣♣ ♣♣♣♣≈..≈♣♣.≈≈≈§≈[≈..####...≈≈
≈♣ ♣...♣♣♣≈≈≈≈≈≈≈>)...).....≈≈ ≈♣
♣.≈.♣ ♣.≈≈≈≈≈≈....♣......≈.
≈♣♣♣♣♣♣♣..♣♣♣.≈≈t≈≈≈.≈♣♣♣.≈≈.....
≈♣♣≈.≈♣♣♣♣♣≈§≈≈§@≈≈≈.≈....≈≈≈≈≈≈.
.......♣ ♣♣♣....≈≈≈.....≈≈≈≈≈≈≈§
.≈.♣≈≈.♣♣♣ ♣≈...≈≈≈≈D...≈≈≈≈≈≈.♣
..≈♣♣≈...♣ ♣♣≈≈>≈.≈≈...♣.≈≈≈≈..♣
♣♣♣♣♣♣♣♣§♣ ♣♣♣≈.≈≈≈≈♣≈♣.....≈♣♣ ♣
♣♣♣ ♣≈≈≈≈≈≈≈.♣♣♣.≈≈.♣♣♣ ♣
♣.[≈≈≈≈.≈♣♣.≈≈≈.♣ ♣
♣♣≈.≈..≈♣♣≈≈≈≈§.♣ ♣
♣♣♣...♣♣♣≈.≈≈..♣


You could see an alligator and a seven-headed hydra.

Vanquished Creatures
  The ghost of plutoniumapex the Severer, a journeyman HOFi of Beogh (Lair:3)
  A yaktaur captain (D:15)
  Erolcha (D:9)
  3 vault guards (D:14)
  A ghost crab (Swamp:1)
  11 hydras
  3 centaur warriors
  8 alligators
  6 two-headed ogres
  A catoblepas (Lair:6)
  3 death yaks
  An ogre mage (D:15)
  A tengu warrior (D:15)
  A deep elf knight (D:14)
  A deep troll (D:15)
  5 unseen horrors
  The ghost of animesage94 the Cutter, a novice TrFi (D:7)
  A wizard (D:14)
  A shambling mangrove (Swamp:2)
  A swamp dragon (Swamp:4)
  A deep elf archer (D:14)
  A wolf spider zombie (D:12)
  3 oklob plants
  A wolf spider (Lair:4)
  11 ugly things
  2 cyclopes (D:15)
  2 deep elf magi (D:15)
  3 manticores
  2 elephants (Lair:6)
  3 centaur zombies
  3 black mambas
  A torpor snail (Lair:6)
  29 spiny frogs
  7 komodo dragons
  2 rime drakes
  2 freezing wraiths
  An efreet (D:14)
  A troll (D:9)
  2 tengu conjurers
  A merfolk (D:9)
  3 jumping spiders (Lair:4)
  3 meliai (D:13)
  12 hornets
  20 slime creatures
  9 tyrant leeches
  10 bog bodies
  7 hippogriffs
  38 blink frogs
  4 wyverns
  7 spriggans
  5 shadows
  A golden eye (shapeshifter) (D:15)
  6 basilisks
  28 yaks
  A human (D:14)
  2 wraiths
  2 hungry ghosts
  25 vampire mosquitoes
  23 swamp worms
  10 insubstantial wisps
  2 soldier ants
  7 water moccasins
  3 orc warriors
  17 porcupines
  3 black bears
  6 sky beasts
  10 swamp drakes
  2 necrophages
  15 wolves
  A phantom (D:5)
  5 boggarts (D:15)
  6 ogres
  19 centaurs
  18 crocodiles
  Blork the orc (D:5)
  35 bullfrogs
  4 big kobolds
  A gnoll sergeant (D:7)
  4 scorpions
  16 killer bees
  8 wights
  2 electric eels
  2 howler monkeys
  7 crimson imps
  2 bullfrog zombies
  A jelly (D:10)
  3 hounds
  3 orc priests
  4 orc wizards
  2 bullfrog skeletons
  5 centaur skeletons
  2 gnoll shamans
  Terence (D:2)
  5 iguanas
  6 worker ants
  3 hound skeletons
  2 worker ant zombies
  24 gnolls
  A howler monkey skeleton (D:4)
  10 adders
  2 shadow imps
  5 adder skeletons
  8 worms
  2 dart slugs
  A leopard gecko (D:3)
  24 orcs
  3 bats
  7 giant cockroaches
  31 goblins
  32 hobgoblins
  9 jackals
  21 kobolds
  6 quokkas
  3 frilled lizards
  A leopard gecko skeleton (D:4)
  A leopard gecko zombie (D:5)
  A quokka skeleton (D:9)
  9 rats
  2 fungi (Lair:1)
  7 plants
789 creatures vanquished.

Vanquished Creatures (others)
  The ghost of tobi4572 the Nimble, a journeyman MiBe of Jiyva (Swamp:2)
  3 hydras
  2 centaur warriors
  An alligator (Swamp:2)
  2 death yaks (D:11)
  3 ugly things
  3 spiny frogs
  A komodo dragon (Lair:1)
  2 hornets
  2 slime creatures
  3 blink frogs
  2 bog bodies (Swamp:2)
  A spriggan (Swamp:4)
  A shadow (Swamp:1)
  A water elemental (D:15)
  3 yaks
  A vampire mosquito (Swamp:1)
  2 swamp worms (Swamp:3)
  A water moccasin (Lair:1)
  A porcupine (Lair:2)
  A swamp drake (Swamp:1)
  2 crocodiles
  A killer bee (D:11)
  2 bushes
  18 fungi
  60 plants
120 creatures vanquished.

Grand Total: 909 creatures vanquished

Notes
Turn   | Place    | Note
-------+----------+-------------------------------------------
     0 | Abyss:1  | Delanovic the Minotaur Abyssal Knight began the quest for the Orb.
     0 | Abyss:1  | Reached XP level 1. HP: 19/19 MP: 1/1
    10 | D:1      | Escaped the Abyss
   206 | D:1      | Reached XP level 2. HP: 22/26 MP: 2/2
   639 | D:2      | Reached XP level 3. HP: 27/31 MP: 3/3
   698 | D:2      | Reached ** piety under Lugonu
   718 | D:2      | Found a stormy altar of Qazlal.
   992 | D:2      | Noticed Terence
  1004 | D:2      | Killed Terence
  1004 | D:2      | Reached skill level 5 in Axes
  1004 | D:2      | Reached XP level 4. HP: 33/39 MP: 4/4
  1578 | D:3      | Found a faded altar of an unknown god.
  1600 | D:3      | Found a white marble altar of Elyvilon.
  1946 | D:3      | Reached XP level 5. HP: 32/46 MP: 6/6
  2980 | D:4      | Reached XP level 6. HP: 51/53 MP: 7/7
  3388 | D:5      | Entered Level 5 of the Dungeon
  3494 | D:4      | Reached *** piety under Lugonu
  3519 | D:5      | Found a deep blue altar of Sif Muna.
  3542 | D:5      | Reached skill level 5 in Fighting
  3665 | D:5      | Found an ornate altar of the Wu Jian Council.
  3828 | D:5      | Got a ripped robe
  3839 | D:5      | Identified the cursed +0 robe of the Dwarven Hall {rElec rC+} (You found it on level 5 of the Dungeon)
  4043 | D:5      | Found Fusmebij's Magic Scroll Shop.
  4052 | D:5      | Reached XP level 7. HP: 49/61 MP: 9/9
  4318 | D:5      | Reached **** piety under Lugonu
  4956 | D:5      | Noticed Blork the orc
  4964 | D:5      | Killed Blork the orc
  4970 | D:5      | Reached ***** piety under Lugonu
  5518 | D:5      | Bought a scroll of identify for 24 gold pieces
  5518 | D:5      | Bought a scroll of identify for 24 gold pieces
  5522 | D:5      | Bought a scroll of enchant weapon for 90 gold pieces
  5602 | D:6      | Found a sacrificial altar of Ru.
  5685 | D:6      | Reached skill level 5 in Invocations
  5685 | D:6      | Reached XP level 8. HP: 29/70 MP: 10/10
  5977 | D:6      | Reached skill level 5 in Dodging
  6010 | D:6      | Found a staircase to the Ecumenical Temple.
  6452 | D:7      | Noticed animesage94's ghost (novice TrFi)
  6464 | D:7      | Killed animesage94's ghost
  6642 | D:7      | Reached XP level 9. HP: 78/78 MP: 12/12
  6904 | D:7      | Reached skill level 5 in Armour
  7535 | D:7      | Paralysed by a hornet for 2 turns
  8425 | D:8      | Found a hide-covered altar of Uskayaw.
  8842 | D:8      | Got a scorched falchion
  8843 | D:8      | Identified the +2 falchion of the Weasel {venom, *Slow rPois rN+} (You found it on level 8 of the Dungeon)
  9045 | D:9      | Reached skill level 1 in Shields
  9120 | D:9      | Reached XP level 10. HP: 72/90 MP: 14/14
  9266 | D:9      | Noticed Erolcha
  9289 | D:9      | Killed Erolcha
  9335 | D:9      | Noticed a two-headed ogre
  9337 | D:9      | Found a radiant altar of Vehumet.
  9350 | D:9      | Killed a two-headed ogre
  9693 | D:9      | Found a glowing silver altar of Zin.
 10020 | D:9      | Found a staircase to the Orcish Mines.
 10180 | D:10     | Entered Level 10 of the Dungeon
 10187 | D:10     | Noticed a two-headed ogre
 10663 | D:10     | Killed an unseen horror
 10683 | D:10     | Reached skill level 10 in Axes
 10713 | D:10     | Noticed a two-headed ogre
 10912 | D:10     | Killed a two-headed ogre
 10912 | D:10     | Reached XP level 11. HP: 87/99 MP: 16/16
 10922 | D:10     | Killed a two-headed ogre
 11217 | D:10     | Noticed a two-headed ogre
 11230 | D:10     | Killed a two-headed ogre
 11230 | D:10     | Reached skill level 5 in Shields
 11402 | D:11     | Noticed a purple ugly thing
 11419 | D:11     | Killed a purple ugly thing
 11419 | D:11     | Reached skill level 10 in Fighting
 11502 | D:11     | Gained mutation: Your spells are a little harder to cast, but a little more powerful. [potion of mutation]
 11502 | D:11     | Gained mutation: Your body sometimes deteriorates upon taking damage. [potion of mutation]
 11502 | D:11     | Gained mutation: Your body often deteriorates upon taking damage. [potion of mutation]
 11502 | D:11     | Gained mutation: You have large cloven feet. [potion of mutation]
 11791 | D:11     | Found a staircase to the Lair.
 11791 | D:11     | Noticed a death yak
 11791 | D:11     | Noticed a death yak
 11800 | D:11     | Noticed a death yak
 11803 | D:11     | Noticed a death yak
 11804 | D:11     | Noticed a death yak
 11806 | D:11     | Noticed a death yak
 11808 | D:11     | Noticed a cyan ugly thing
 11814 | D:11     | Killed a death yak
 11851 | D:10     | Killed a death yak
 11851 | D:10     | Reached ****** piety under Lugonu
 12254 | D:11     | Killed a cyan ugly thing
 12274 | D:11     | Identified a +8 hand axe of distortion (a +6 hand axe corrupted by Lugonu)
 12274 | D:11     | Received a gift from Lugonu
 12301 | D:11     | Killed an unseen horror
 12459 | D:11     | Killed a death yak
 12590 | D:11     | Banished a death yak
 12940 | D:11     | Banished a death yak
 12984 | D:11     | Noticed a centaur warrior
 12996 | D:11     | Reached XP level 12. HP: 89/108 MP: 17/17
 13103 | D:11     | Banished a centaur warrior
 13143 | D:11     | Banished a death yak
 13250 | D:11     | Lost mutation: Your body often deteriorates upon taking damage. [potion of mutation]
 13250 | D:11     | Lost mutation: You have large cloven feet. [potion of mutation]
 13250 | D:11     | Lost mutation: Your body sometimes deteriorates upon taking damage. [potion of mutation]
 13250 | D:11     | Lost mutation: Your spells are a little harder to cast, but a little more powerful. [potion of mutation]
 13250 | D:11     | Gained mutation: Your spells are a little easier to cast, but a little less powerful. [potion of mutation]
 13250 | D:11     | Gained mutation: You have a somewhat thin skeletal structure. (Dex +2, Stealth) [potion of mutation]
 13250 | D:11     | Gained mutation: Your body sometimes deteriorates upon taking damage. [potion of mutation]
 13250 | D:11     | Gained mutation: Your flesh is cold resistant. (rC+) [potion of mutation]
 14032 | D:12     | Noticed Urug
 14040 | D:12     | Banished Urug
 14040 | D:12     | Reached skill level 10 in Dodging
 14532 | D:13     | Reached skill level 10 in Armour
 14568 | D:13     | Found a labyrinth entrance.
 14681 | D:13     | Found a burning altar of Makhleb.
 15378 | D:14     | Noticed a vault guard
 15408 | D:14     | Noticed a vault guard
 15542 | D:14     | Reached XP level 13. HP: 112/117 MP: 19/19
 15551 | D:14     | Reached skill level 10 in Invocations
 16937 | D:15     | Entered Level 15 of the Dungeon
 17269 | D:14     | Found a gate to the Vaults.
 18736 | D:15     | Reached skill level 10 in Shields
 18739 | D:15     | Reached XP level 14. HP: 103/127 MP: 16/21
 18838 | D:15     | Found a staircase to the Depths.
 19644 | Lair:1   | Entered Level 1 of the Lair of Beasts
 21571 | Lair:3   | Noticed plutoniumapex's ghost (journeyman HOFi)
 21598 | Lair:3   | Killed plutoniumapex's ghost
 22060 | Lair:3   | Lost mutation: Your spells are a little easier to cast, but a little less powerful. [potion of mutation]
 22060 | Lair:3   | Lost mutation: You have a somewhat thin skeletal structure. (Dex +2, Stealth) [potion of mutation]
 22060 | Lair:3   | Gained mutation: You are resistant to electric shocks. (rElec) [potion of mutation]
 22060 | Lair:3   | Gained mutation: Your flesh is very cold resistant. (rC++) [potion of mutation]
 22060 | Lair:3   | Gained mutation: You are partially covered in molten scales. (AC +2) [potion of mutation]
 22060 | Lair:3   | Gained mutation: You are partially covered in rugged brown scales. (AC +1, +3% HP) [potion of mutation]
 22129 | Lair:3   | Found a staircase to the Swamp.
 22632 | Lair:4   | Reached skill level 1 in Crossbows
 22995 | Lair:4   | Found an ancient bone altar of Kikubaaqudgha.
 23215 | Lair:4   | Got a bound steel ring
 23217 | Lair:4   | Identified the ring "Trusted Companion" {Str+3 Dex+3} (You found it on level 4 of the Lair of Beasts)
 23458 | Lair:4   | Found a hole to the Spider Nest.
 23939 | Lair:5   | Found a staircase to the Slime Pits.
 24566 | Lair:6   | Entered Level 6 of the Lair of Beasts
 24653 | Lair:6   | Reached skill level 5 in Crossbows
 24653 | Lair:6   | Reached XP level 15. HP: 93/141 MP: 14/22
 24807 | Lair:6   | Noticed Nessos
 24826 | Lair:6   | Banished Nessos
 25836 | Lair:6   | Got a slimy amber ring
 25839 | Lair:6   | Identified the ring "Heim" {Wiz rC- rN+ Str+9} (You found it on level 6 of the Lair of Beasts)
 26325 | Swamp:1  | Entered Level 1 of the Swamp
 27845 | Swamp:2  | Noticed tobi4572's ghost (journeyman MiBe)
 27875 | Swamp:2  | Banished tobi4572's ghost
 28160 | Swamp:2  | Reached skill level 15 in Fighting
 28760 | Swamp:2  | Reached XP level 16. HP: 128/153 MP: 21/23
 29416 | Swamp:3  | Paralysed by a hornet for 1 turns
 29498 | Swamp:3  | Noticed a thorn hunter
 29551 | Swamp:3  | Banished a thorn hunter
 30253 | Swamp:4  | Entered Level 4 of the Swamp
 30698 | Swamp:3  | Reached skill level 15 in Axes
 30702 | Swamp:3  | Paralysed by a hornet for 1 turns
 31567 | Swamp:4  | Noticed a thorn hunter
 32266 | Swamp:3  | HP: 2/153 [alligator[a spriggan druid] (28)]
 32266 | Swamp:3  | Annihilated by an alligator

Skill      XL: |  1  2  3  4  5  6  7  8  9 10 11 12 13 14 15 16 |
---------------+-------------------------------------------------+-----
Axes           | 3 4 5 6 7 9 10 11 12 13 14 15 | 15.1
Invocations    | 2 3 4 5 7 8 9 10 11 | 11.3
Fighting       | 4 5 6 7 8 9 10 11 12 13 15 | 15.4
Dodging        | 2 3 4 5 7 8 9 10 11 12 13 14 | 14.1
Armour         | 4 6 7 9 10 11 12 14 | 14.6
Shields        | 1 4 6 8 10 | 10.9
Crossbows      | 5 7 |  7.6

Action                   |  1- 3 |  4- 6 |  7- 9 | 10-12 | 13-15 | 16-18 || total
-------------------------+-------+-------+-------+-------+-------+-------++-------
Melee: Hand axe          |    80 |    34 |    71 |   600 |  1023 |   179 ||  1987
       Headbutt          |     9 |    20 |    76 |   159 |   245 |    45 ||   554
       Flail             |       |   122 |   253 |       |       |       ||   375
       Kick              |       |       |       |    65 |       |       ||    65
Throw: Tomahawk          |       |       |     8 |    11 |    17 |       ||    36
       Throwing net      |       |       |       |       |     1 |       ||     1
Invok: Bend Space        |       |       |       |     7 |     1 |     3 ||    11
       Brand Weapon With |       |       |       |     1 |       |       ||     1
       Banish            |       |       |       |       |     1 |     2 ||     3
Evoke: Wand              |       |       |       |     1 |     3 |       ||     4
  Use: Scroll            |       |    11 |    11 |    10 |    10 |     3 ||    45
       Potion            |       |     3 |     4 |     8 |     5 |     2 ||    22
 Stab: Sleeping          |       |       |       |     2 |       |       ||     2
       Distracted        |       |       |       |       |     2 |       ||     2
  Eat: Chunk             |       |    10 |    12 |    19 |    29 |     4 ||    74
       Ration            |       |       |     1 |     1 |     4 |     2 ||     8
Armor: Leather armour    |    26 |    52 |    55 |       |       |       ||   133
       Ring mail         |       |       |    18 |   131 |   124 |       ||   273
       Robe              |       |       |       |       |    10 |    26 ||    36
Dodge: Dodged            |    45 |   126 |   305 |   349 |   456 |   161 ||  1442
Block: Buckler           |       |       |    10 |   162 |   273 |    57 ||   502
